TOP OF THE 1ST |
Victoria Capitals batting - Pitching for Miami Beach Marlins : RHP Frank Schulman
|
Pitching: RHP Frank Schulman
|
|
Batting: RHB Nick Edmunds
|
0-0: Ball 1-0: Foul Ball, location: 2F 1-1: Foul Ball, location: 2F 1-2: Strikes out swinging
|
Batting: RHB Tomokazu Sugimoto
|
0-0: Ball 1-0: Called Strike 1-1: Called Strike 1-2: Strikes out looking
|
Batting: RHB Victor Rosas
|
0-0: Ball 1-0: SINGLE (Groundball, 4MD, EV 99.4 MPH)
|
Batting: LHB Taki Matsui
|
0-0: Ball 1-0: Foul Ball, location: 2F 1-1: Called Strike 1-2: Ball 2-2: Ball 3-2: Strikes out swinging
|
Top of the 1st over - 0 runs, 1 hit, 0 errors, 1 left on base; Victoria 0 - Miami Beach 0 |
BOTTOM OF THE 1ST |
Miami Beach Marlins batting - Pitching for Victoria Capitals : RHP Raul Lopez
|
Pitching: RHP Raul Lopez
|
|
Batting: LHB Jose Bregaro
|
0-0: Ball 1-0: Ball 2-0: Foul Ball, location: 2F 2-1: Foul Ball, location: 2F 2-2: SINGLE (Line Drive, 7S, EV 100.0 MPH)
|
Batting: LHB Eric Bailey
|
0-0: Ball Jose Bregaro steals 2nd base 1-0: Ball 2-0: Called Strike 2-1: Foul Ball, location: 2F 2-2: Foul Ball, location: 2F 2-2: 2-RUN HOME RUN (Flyball, 9D, EV 98.1 MPH), Distance : 376 ft
|
Batting: RHB Tony Stedman
|
0-0: Swinging Strike 0-1: Swinging Strike 0-2: Ball 1-2: Strikes out swinging
|
Batting: RHB Willie Chavez
|
0-0: Swinging Strike 0-1: DOUBLE (Line Drive, 89XD, EV 106.9 MPH)
|
Batting: RHB Erik Coleman
|
0-0: Called Strike 0-1: Ball 1-1: Foul Ball, location: 2F 1-2: Fly out, F8 (Flyball, 8LD, EV 95.6 MPH)
|
Batting: RHB J.D. Vander Klok
|
0-0: Ball 1-0: Fly out, F8 (Flyball, 89M, EV 85.6 MPH)
|
Bottom of the 1st over - 2 runs, 3 hits, 0 errors, 1 left on base; Victoria 0 - Miami Beach 2 |
TOP OF THE 2ND |
Victoria Capitals batting - Pitching for Miami Beach Marlins : RHP Frank Schulman
|
Batting: SHB Carlos Luna
|
0-0: Ball 1-0: Ground out 4-3 (Groundball, 4, EV 90.0 MPH)
|
Batting: LHB Ryan Daniels
|
0-0: Fly out, F2 (Popup, 2LF, EV 96.3 MPH)
|
Batting: SHB Ray Skogen
|
0-0: Called Strike 0-1: Called Strike 0-2: Strikes out swinging
|
Top of the 2nd over - 0 runs, 0 hits, 0 errors, 0 left on base; Victoria 0 - Miami Beach 2 |
BOTTOM OF THE 2ND |
Miami Beach Marlins batting - Pitching for Victoria Capitals : RHP Raul Lopez
|
Batting: RHB Andy Kelly
|
0-0: Called Strike 0-1: Swinging Strike 0-2: Ball 1-2: Foul Ball, location: 2F 1-2: Ground out 5-3 (Groundball, 5, EV 86.9 MPH)
|
Batting: LHB Matt McKeon
|
0-0: Ball 1-0: Swinging Strike 1-1: Ball 2-1: Swinging Strike 2-2: Strikes out swinging
|
Batting: RHB Tony Ledezma
|
0-0: Ball 1-0: Foul Ball, location: 2F 1-1: Foul Ball, location: 2F 1-2: Strikes out swinging, 2-3 out at first.
|
Bottom of the 2nd over - 0 runs, 0 hits, 0 errors, 0 left on base; Victoria 0 - Miami Beach 2 |
TOP OF THE 3RD |
Victoria Capitals batting - Pitching for Miami Beach Marlins : RHP Frank Schulman
|
Batting: RHB Jesus Santiago
|
0-0: Ball 1-0: Fly out, F9 (Line Drive, 9, EV 95.0 MPH)
|
Batting: RHB David Greene
|
0-0: Called Strike 0-1: Ball 1-1: Swinging Strike 1-2: Ball 2-2: Strikes out swinging
|
Batting: RHB Nick Edmunds
|
0-0: Called Strike 0-1: Swinging Strike 0-2: Strikes out swinging
|
Top of the 3rd over - 0 runs, 0 hits, 0 errors, 0 left on base; Victoria 0 - Miami Beach 2 |
BOTTOM OF THE 3RD |
Miami Beach Marlins batting - Pitching for Victoria Capitals : RHP Raul Lopez
|
Batting: LHB Jose Bregaro
|
0-0: Called Strike 0-1: Swinging Strike 0-2: Foul Ball, location: 2F 0-2: Ball 1-2: Foul Ball, location: 2F 1-2: Ball 2-2: Foul Ball, location: 2F 2-2: SOLO HOME RUN (Flyball, 9LD, EV 93.1 MPH), Distance : 334 ft
|
Batting: LHB Eric Bailey
|
0-0: Called Strike 0-1: Ball 1-1: Ball 2-1: Foul Ball, location: 2F 2-2: Fly out, F6 (Popup, 56D, EV 70.0 MPH)
|
Batting: RHB Tony Stedman
|
0-0: Ball 1-0: Ball 2-0: Ball 3-0: Base on Balls
|
Batting: RHB Willie Chavez
|
0-0: Called Strike 0-1: Ball 1-1: Ball 2-1: Ball 3-1: Fly out, F4 (Popup, 4D, EV 53.8 MPH)
|
Batting: RHB Erik Coleman
|
0-0: Ball Tony Stedman steals 2nd base 1-0: Ball 2-0: SINGLE (Groundball, 56, EV 100.6 MPH) Tony Stedman to third Runner from 3rd tries for Home, SAFE, throw by LF to home
|
Batting: RHB J.D. Vander Klok
|
0-0: Ball 1-0: Ball 2-0: Ball 3-0: Called Strike 3-1: Called Strike 3-2: Foul Ball, location: 2F 3-2: Foul Ball, location: 2F 3-2: Ground out 6-3 (Groundball, 56, EV 98.1 MPH)
|
Bottom of the 3rd over - 2 runs, 2 hits, 0 errors, 1 left on base; Victoria 0 - Miami Beach 4 |
TOP OF THE 4TH |
Victoria Capitals batting - Pitching for Miami Beach Marlins : RHP Frank Schulman
|
Batting: RHB Tomokazu Sugimoto
|
0-0: Fly out, F8 (Flyball, 8LD, EV 80.0 MPH)
|
Batting: RHB Victor Rosas
|
0-0: Foul Ball, location: 2F 0-1: Ball 1-1: Swinging Strike 1-2: Strikes out swinging
|
Batting: LHB Taki Matsui
|
0-0: Called Strike 0-1: Swinging Strike 0-2: Strikes out swinging
|
Top of the 4th over - 0 runs, 0 hits, 0 errors, 0 left on base; Victoria 0 - Miami Beach 4 |
BOTTOM OF THE 4TH |
Miami Beach Marlins batting - Pitching for Victoria Capitals : RHP Raul Lopez
|
Batting: RHB Andy Kelly
|
0-0: Called Strike 0-1: Foul Ball, location: 2F 0-2: Fly out, F4 (Flyball, 34D, EV 86.9 MPH)
|
Batting: LHB Matt McKeon
|
0-0: Called Strike 0-1: Foul Ball, location: 2F 0-2: Ball 1-2: Ball 2-2: Ground out U3 (Groundball, 3, EV 98.8 MPH)
|
Batting: RHB Tony Ledezma
|
0-0: Ball 1-0: Foul Ball, location: 2F 1-1: Ball 2-1: SOLO HOME RUN (Flyball, 7LD, EV 97.5 MPH), Distance : 366 ft
|
Batting: LHB Jose Bregaro
|
0-0: Ball 1-0: DOUBLE (Flyball, 8LXD, EV 95.6 MPH)
|
Pitching: RHP Frank Cabrera
|
|
Batting: LHB Eric Bailey
|
0-0: Foul Ball, location: 2F 0-1: Called Strike 0-2: Ground out U3 (Groundball, 34S, EV 86.3 MPH)
|
Bottom of the 4th over - 1 run, 2 hits, 0 errors, 1 left on base; Victoria 0 - Miami Beach 5 |
TOP OF THE 5TH |
Victoria Capitals batting - Pitching for Miami Beach Marlins : RHP Frank Schulman
|
Batting: SHB Carlos Luna
|
0-0: SINGLE (Groundball, P, EV 83.1 MPH) (infield hit)
|
Batting: LHB Ryan Daniels
|
0-0: Foul Ball, location: 2F 0-1: Ball 1-1: Fly out, F9 (Flyball, 9, EV 95.0 MPH)
|
Batting: SHB Ray Skogen
|
0-0: Ball 1-0: Called Strike 1-1: Foul Ball, location: 2F 1-2: Strikes out swinging
|
Batting: RHB Jesus Santiago
|
0-0: Foul Ball, location: 2F 0-1: Swinging Strike 0-2: Strikes out swinging
|
Top of the 5th over - 0 runs, 1 hit, 0 errors, 1 left on base; Victoria 0 - Miami Beach 5 |
BOTTOM OF THE 5TH |
Miami Beach Marlins batting - Pitching for Victoria Capitals : RHP Frank Cabrera
|
Batting: RHB Tony Stedman
|
0-0: Ball 1-0: Swinging Strike 1-1: Ground out 3-1 (Groundball, 34S, EV 83.1 MPH)
|
Batting: RHB Willie Chavez
|
0-0: Foul Ball, location: 2F 0-1: SOLO HOME RUN (Flyball, 78XD, EV 115.6 MPH), Distance : 436 ft
|
Batting: RHB Erik Coleman
|
0-0: Called Strike 0-1: Ball 1-1: Ball 2-1: Ball 3-1: SINGLE (Line Drive, 89S, EV 92.5 MPH)
|
Batting: RHB J.D. Vander Klok
|
0-0: Fly out, F9 (Flyball, 89M, EV 90.6 MPH)
|
Batting: RHB Andy Kelly
|
0-0: Called Strike 0-1: Foul Ball, location: 2F 0-2: Ball 1-2: Ground out 4-3 (Groundball, 4, EV 88.1 MPH)
|
Bottom of the 5th over - 1 run, 2 hits, 0 errors, 1 left on base; Victoria 0 - Miami Beach 6 |
TOP OF THE 6TH |
Victoria Capitals batting - Pitching for Miami Beach Marlins : RHP Frank Schulman
|
Batting: RHB David Greene
|
0-0: Foul Ball, location: 2F 0-1: Ball 1-1: Ball 2-1: Foul Ball, location: 2F 2-2: Strikes out looking
|
Batting: RHB Nick Edmunds
|
0-0: Foul Ball, location: 2F 0-1: Ball 1-1: Foul Ball, location: 2F 1-2: Strikes out looking
|
Batting: RHB Tomokazu Sugimoto
|
0-0: Called Strike 0-1: Called Strike 0-2: Ball 1-2: Strikes out swinging
|
Top of the 6th over - 0 runs, 0 hits, 0 errors, 0 left on base; Victoria 0 - Miami Beach 6 |
BOTTOM OF THE 6TH |
Miami Beach Marlins batting - Pitching for Victoria Capitals : RHP Frank Cabrera
|
Batting: LHB Matt McKeon
|
0-0: Ball 1-0: Ball 2-0: Ball 3-0: Base on Balls
|
Batting: RHB Tony Ledezma
|
0-0: Ball 1-0: Called Strike 1-1: Ball 2-1: Foul Ball, location: 2F 2-2: SINGLE (Flyball, 4MD, EV 85.0 MPH) Matt McKeon to second
|
Pitching: RHP Ramon Pedroza
|
|
Batting: LHB Jose Bregaro
|
0-0: Fly out, F8 (Line Drive, 8RD, EV 92.5 MPH)
|
Batting: LHB Eric Bailey
|
0-0: Called Strike 0-1: Foul Ball, location: 2F 0-2: Strikes out swinging
|
Batting: RHB Tony Stedman
|
0-0: Ball 1-0: Foul Ball, location: 2F 1-1: Foul Ball, location: 2F 1-2: Ball 2-2: Ball 3-2: Foul Ball, location: 2F 3-2: Ground out 5-3 (Groundball, 56S, EV 90.0 MPH)
|
Bottom of the 6th over - 0 runs, 1 hit, 0 errors, 2 left on base; Victoria 0 - Miami Beach 6 |
TOP OF THE 7TH |
Victoria Capitals batting - Pitching for Miami Beach Marlins : RHP Frank Schulman
|
Batting: RHB Victor Rosas
|
0-0: Called Strike 0-1: Ball 1-1: Foul Ball, location: 2F 1-2: Ground out U3 (Groundball, 3, EV 89.4 MPH)
|
Batting: LHB Taki Matsui
|
0-0: Foul Ball, location: 2F 0-1: Called Strike 0-2: Strikes out looking
|
Batting: SHB Carlos Luna
|
0-0: Ball 1-0: DOUBLE (Groundball, 3L, EV 105.6 MPH)
|
Batting: LHB Ryan Daniels
|
0-0: Ball 1-0: Foul Ball, location: 2F 1-1: Ball 2-1: Foul Ball, location: 2F 2-2: Ball 3-2: Strikes out swinging
|
Top of the 7th over - 0 runs, 1 hit, 0 errors, 1 left on base; Victoria 0 - Miami Beach 6 |
BOTTOM OF THE 7TH |
Miami Beach Marlins batting - Pitching for Victoria Capitals : RHP Ramon Pedroza
|
Batting: RHB Willie Chavez
|
0-0: Called Strike 0-1: Ball 1-1: Ball 2-1: Foul Ball, location: 2F 2-2: Foul Ball, location: 2F 2-2: Foul Ball, location: 2F 2-2: Ball 3-2: Foul Ball, location: 2F 3-2: Fly out, F8 (Flyball, 8LM, EV 82.5 MPH)
|
Batting: RHB Erik Coleman
|
0-0: Called Strike 0-1: Swinging Strike 0-2: Fly out, F9 (Line Drive, 9, EV 90.0 MPH)
|
Batting: RHB J.D. Vander Klok
|
0-0: Ground out 6-3 (Groundball, 6, EV 109.4 MPH)
|
Bottom of the 7th over - 0 runs, 0 hits, 0 errors, 0 left on base; Victoria 0 - Miami Beach 6 |
TOP OF THE 8TH |
Victoria Capitals batting - Pitching for Miami Beach Marlins : RHP Frank Schulman
|
Batting: SHB Ray Skogen
|
0-0: Swinging Strike 0-1: Ball 1-1: Fly out, F6 (Popup, 6MS, EV 71.9 MPH)
|
Pitching: RHP Alberto Negrete
|
|
Batting: RHB Jesus Santiago
|
0-0: Ball 1-0: Foul Ball, location: 2F 1-1: Swinging Strike 1-2: Strikes out looking
|
Batting: RHB David Greene
|
0-0: Foul Ball, location: 2F 0-1: Swinging Strike 0-2: Hit by Pitch
|
Batting: RHB Nick Edmunds
|
0-0: Called Strike 0-1: Ball 1-1: Foul Ball, location: 2F 1-2: Ball 2-2: Strikes out swinging
|
Top of the 8th over - 0 runs, 0 hits, 0 errors, 1 left on base; Victoria 0 - Miami Beach 6 |
BOTTOM OF THE 8TH |
Miami Beach Marlins batting - Pitching for Victoria Capitals : RHP Ramon Pedroza
|
Batting: RHB Andy Kelly
|
0-0: Swinging Strike 0-1: SOLO HOME RUN (Flyball, 9D, EV 106.9 MPH), Distance : 390 ft
|
Batting: LHB Matt McKeon
|
0-0: Ball 1-0: Swinging Strike 1-1: Foul Ball, location: 2F 1-2: Ball 2-2: Ball 3-2: Strikes out swinging
|
Batting: RHB Tony Ledezma
|
0-0: Called Strike 0-1: Ball 1-1: Ball 2-1: Called Strike 2-2: Strikes out looking
|
Pinch Hitting: LHB Danny Treto
|
0-0: Ball 1-0: DOUBLE (Flyball, 89D, EV 103.8 MPH)
|
Batting: LHB Adam Durgin
|
0-0: Ball 1-0: Ball 2-0: Ball 3-0: Base on Balls
|
Batting: RHB Tony Stedman
|
0-0: Ball 1-0: Foul Ball, location: 2F 1-1: Ball 2-1: Ball 3-1: Base on Balls Danny Treto to third Adam Durgin to second
|
Pitching: RHP Sid Lampone
|
|
Pinch Hitting: RHB Axel Moltke
|
0-0: Called Strike 0-1: Ball 1-1: Ball 2-1: Ground out U3 (Groundball, 34, EV 81.3 MPH)
|
Bottom of the 8th over - 1 run, 2 hits, 0 errors, 3 left on base; Victoria 0 - Miami Beach 7 |
TOP OF THE 9TH |
Victoria Capitals batting - Pitching for Miami Beach Marlins : RHP Alberto Negrete
|
Now at 2B: Axel Moltke
|
|
Now in RF: Danny Treto
|
|
Batting: RHB Tomokazu Sugimoto
|
0-0: Called Strike 0-1: Foul Ball, location: 2F 0-2: Strikes out swinging
|
Batting: RHB Victor Rosas
|
0-0: Called Strike 0-1: Swinging Strike 0-2: Ball 1-2: Ball 2-2: Ball 3-2: Ground out U3 (Groundball, 3L, EV 104.4 MPH)
|
Batting: LHB Taki Matsui
|
0-0: Called Strike 0-1: Foul Ball, location: 2F 0-2: Strikes out swinging
|
Top of the 9th over - 0 runs, 0 hits, 0 errors, 0 left on base; Victoria 0 - Miami Beach 7 |
|